 Dungeon Crawl Stone Soup version 0.30-a0-170-g85af917532 (webtiles) character file.

Game seed: 2165916957010749766

49 KennySheep the Sneak (level 3, -3/31 HPs)
             Began as a Demigod Delver on Sept 30, 2022.
             Slain by Sigmund
             ... wielding a +0 scythe
              (8 damage)
             ... on level 3 of the Dungeon.
             The game lasted 00:04:57 (2189 turns).

KennySheep the Sneak (Demigod Delver)               Turns: 2189, Time: 00:04:58

Health: -3/31      AC:  8    Str: 17    XL:     3   Next: 33%
Magic:  5/5        EV: 11    Int: 12    God:
Gold:   120        SH:  0    Dex: 15    Spells: 2/2 levels left

rFire   . . .      SeeInvis .    a - +0 hand axe
rCold   . . .      Faith    .    o - orb {*Rage}
rNeg    . . .      Spirit   .    n - +0 chain mail
rPois   .          Reflect  .    (no helmet)
rElec   .          Harm     .    (no cloak)
rCorr   .          Rampage  .    (no gloves)
Will    .....      Rage     20%  (no boots)
Stlth   ..........               (no amulet)
HPRegen 0.10/turn                q - +4 ring of evasion
MPRegen 0.09/turn                (no ring)

@: hasted, very quick
A: high MP 1, forlorn, divine attributes
a: no special abilities


You were on level 3 of the Dungeon.
You visited 1 branch of the dungeon, and saw 5 of its levels.

You collected 120 gold pieces.

Inventory:

Hand Weapons
 a - a +0 hand axe (weapon)
Armour
 b - a +0 leather armour
 n - a +0 chain mail (worn)
 o - an orb of wrath (worn)
Jewellery
 q - a +4 ring of evasion (left hand)
Wands
 g - a wand of digging (3)
Scrolls
 c - 2 scrolls of fog
 d - a scroll of magic mapping
 e - a scroll of fear
 h - 4 scrolls of identify {unknown}
 i - a scroll of silence {unknown}
 j - a scroll of vulnerability {unknown}
 l - a scroll of amnesia {unknown}
 m - 2 scrolls of teleportation {unknown}
 p - a scroll of enchant armour {unknown}
 r - a scroll of torment {unknown}
Potions
 f - a potion of haste
 k - a potion of attraction {unknown}
 s - a potion of invisibility {unknown}


   Skills:
 + Level 3.0 Fighting
 * Level 2.6 Axes
 + Level 0.8 Armour
 + Level 2.2 Dodging
 - Level 4.5 Stealth


You had 2 spell levels left.
You didn't know any spells.
Your spell library contained the following spells:

 Spells                   Type           Power      Damage    Failure   Level
 Beastly Appendage        Tmut           0%         N/A       99%         1
 Wereblood                Tmut           0%         N/A       100%        2
 Spider Form              Tmut/Pois      0%         N/A       100%        3


Dungeon Overview and Level Annotations

Branches:
Dungeon (5/15)
 Temple: D:4-7

Annotations:
D:3 Sigmund


Innate Abilities, Weirdness & Mutations

You have an increased reservoir of magic. (+10% MP)
You shall have no god before yourself.
Your divine heritage dramatically boosts your attributes as you level up.


Message History

The ball python constricts you.
You slash the ball python!
You kill the ball python!
There is an open door here.
You now have 120 gold pieces (gained 14).
Sigmund shouts!
Sigmund screams, "Only death can liberate you!"
Sigmund is nearby!
You start waiting.
Sigmund is nearby!
Sigmund hits you with a +0 scythe!
You barely miss Sigmund. Sigmund gestures at you while chanting.
You resist with some effort.
You hit Sigmund.
Sigmund is lightly wounded.
Sigmund hits you with a +0 scythe.
You hit Sigmund.
Sigmund is moderately wounded.
Sigmund barely misses you.
You closely miss Sigmund.
Sigmund is moderately wounded.
You barely miss Sigmund.
Sigmund is moderately wounded.
Sigmund casts a spell at you. The magic dart hits you.
Sigmund barely misses you.
You hit Sigmund but do no damage.
Sigmund is moderately wounded.
You hit Sigmund but do no damage.
Sigmund is moderately wounded.
Sigmund barely misses you.
You hit Sigmund.
Sigmund is moderately wounded.
Sigmund mumbles some strange words.
Sigmund flickers and vanishes!
Deactivating autopickup; reactivate with Ctrl-A.
You completely miss something. Something hits you!
* * * LOW HITPOINT WARNING * * *
You feel yourself speed up. Something hits you!
You die...

#.#####.#.......##.###..#
#.#...............#
#.########.#.###..####
................>....#
#..........#.###..##.#
#.########.#.# #..##.#
#.# #.#.# #.[##.# #.#.#
#..##.# #######@#.#
#..##.# ......{.#.#
#..##.#
#######.#.###..##.# ..#.#
#######.#.........# #.#..
...............##.#
###.#.#
#######.#.###..##.#
....#.# #.#.# #..##.#
....#.# ### #.#.# #..##.#
....#.# ...# #.#.#
#..##.#


There were no monsters in sight!

Vanquished Creatures
  An adder (D:2)
  A worm (D:2)
  2 dart slugs (D:1)
  3 ball pythons
  An endoplasm (D:2)
  5 goblins
  4 hobgoblins
  4 quokkas
  3 bats (D:1)
  2 frilled lizards (D:1)
  2 kobolds
  3 rats
31 creatures vanquished.

Notes
Turn   | Place    | Note
-------+----------+-------------------------------------------
     0 | D:5      | KennySheep the Demigod Delver began the quest for the Orb.
     0 | D:5      | Reached XP level 1. HP: 18/18 MP: 3/3
    17 | D:4      | Noticed an orc priest
    63 | D:3      | Noticed Sigmund
   404 | D:3      | Noticed a howler monkey
   694 | D:1      | Reached XP level 2. HP: 6/25 MP: 4/4
  1734 | D:2      | Reached XP level 3. HP: 31/31 MP: 5/5
  2189 | D:3      | Slain by Sigmund

Illustrated notes

Levels and vault maps discovered:
D:1:      onia_arrival_mini_maze_b, layout_basic, basic_ecumenical_altar,
          amcnicky_mini_corridor_feature
D:2:      layout_basic
D:3:      layout_basic, doesnt_xom_only_xom, minivault_25, minmay_puff,
          uniq_sigmund, uniq_terence
D:4:      layout_loops_corners
D:5:      layout_loops_cross, grunt_temple_overflow_open, minmay_misc_feat_room

Skill      XL: |  1  2 |
---------------+-------+-----
Axes           | 2 |  2.6
Dodging        | 2 |  2.2
Fighting       | 3 |  3.0
Armour         | |  0.8
Stealth        | |  4.5

Action                   || total
-------------------------++-------
Melee: Hand axe          ||   117
  Use: Potion            ||     1
 Stab: Sleeping          ||     1
Armor: Chain mail        ||    50
       Leather armour    ||     4
Dodge: Dodged            ||    70

Table legend: (Time is in decaauts)
 A = Elapsed time spent in this place.
 B = Non-inter-level travel time spent in this place.
 C = Inter-level travel time spent in this place.
 D = Time resting spent in this place.
 E = Time spent auto-exploring this place.
 F = Levels seen in this place.
 G = Mean time per level.
                   A        B        C        D        E       F      G
               +--------+--------+--------+--------+--------+-----+--------+
         Total |   2265 |   2236 |     29 |    652 |   1158 |   5 |  453.0 |
       Dungeon |   2265 |   2236 |     29 |    652 |   1158 |   5 |  453.0 |
               +--------+--------+--------+--------+--------+-----+--------+

Top non-repeatable levels by time:
     D:1: 1099 daAuts
     D:2: 697 daAuts
     D:3: 437 daAuts
     D:5: 16 daAuts
     D:4: 15 daAuts
